 Dungeon Crawl Stone Soup version 0.32-a0-913-g739538afd8 (webtiles) character file.

Game seed: 11008561959098705601

503 Doorstop00 the Cudgeller (level 7, 0/44 HPs)
             Began as a Gargoyle Fighter on Apr 8, 2024.
             Was an Initiate of the Shining One.
             Slain by an orc
             ... wielding a +0 mace
              (4 damage)
             ... on level 5 of the Dungeon.
             The game lasted 00:17:41 (3451 turns).

Doorstop00 the Cudgeller (Gargoyle Fighter)         Turns: 3451, Time: 00:17:42

Health: 0/44       AC: 16    Str: 21    XL:     7   Next: 17%
Magic:  7/7        EV:  8    Int:  9    God:    the Shining One [......]
Gold:   169        SH:  9    Dex:  9    Spells: 6/6 levels left

rFire   . . .        o - +2 flail (venom)
rCold   . . .        c - +0 buckler
rNeg    + . .        b - +0 scale mail
rPois   ∞            l - +0 helmet
rElec   +            (no cloak)
rCorr   .            v - +2 pair of gloves
SInv    .            (no boots)
Will    .....        g - amulet of reflection Stlth
                     (no ring)
HPRegen 0.27/turn    (no ring)
MPRegen 0.10/turn

%: reflection
@: glowing
A: sickness immunity, AC +4, negative energy resistance 1, electricity
resistance, torment resistance 1, petrification resistance
a: Renounce Religion


You were on level 5 of the Dungeon.
You worshipped the Shining One.
The Shining One was noncommittal.
You visited 2 branches of the dungeon, and saw 6 of its levels.

You collected 169 gold pieces.

Inventory:

Hand Weapons
 a - a +0 flail
 o - a +2 flail of venom (weapon)
Armour
 b - a +0 scale mail (worn)
 c - a +0 buckler (worn)
 l - a +0 helmet (worn)
 v - a +2 pair of gloves (worn)
 x - a +1 pair of gloves
Jewellery
 g - an amulet of reflection (around neck)
Wands
 k - a wand of flame (23)
 m - a wand of warping (5)
Scrolls
 e - 2 scrolls of fear
 f - 5 scrolls of teleportation
 p - 2 scrolls of brand weapon {unknown}
 q - a scroll of torment {unknown}
 s - a scroll of fog {unknown}
Potions
 d - a potion of might
 h - 4 potions of curing
 i - 2 potions of haste
 j - a potion of ambrosia
 n - a potion of mutation {unknown}
 r - a potion of berserk rage {unknown}
 t - a potion of heal wounds {unknown}
 u - a potion of degeneration {unknown}
 w - a potion of attraction {unknown}


   Skills:
 * Level 4.4 Fighting
 * Level 5.1 Maces & Flails
 * Level 4.4 Armour
 * Level 1.4 Dodging
 * Level 5.0 Shields


You had 6 spell levels left.
You didn't know any spells.
Your spell library contained the following spells:

 Spells                   Type           Power      Damage    Failure   Level
 Summon Small Mammal      Summ           0%         N/A       78%         1
 Call Canine Familiar     Summ           0%         N/A       98%         3
 Animate Dead             Necr           0%         N/A       100%        4
 Summon Blazeheart Golem  Fire/Summ      0%         N/A       100%        4
 Haunt                    Necr/Summ      0%         N/A       100%        7
 Infestation              Necr           0%         N/A       100%        8


Dungeon Overview and Level Annotations

Branches:
Dungeon (5/15)             Temple (1/1) D:4

Altars:
Cheibriados
Elyvilon
Fedhas
Nemelex Xobeh
Qazlal
Trog
Uskayaw
Wu Jian
Yredelemnul
The Shining One

Annotations:
D:3 1 runed translucent door, EvolutionX's ghost, amateur MfSh


Innate Abilities, Weirdness & Mutations

You are immune to sickness and miasma.
Your stone body is resilient. (AC +4)
You are immune to poison.
You resist negative energy. (rN+)
You are resistant to electric shocks. (rElec)
You are resistant to unholy torment.
You are immune to petrification.


Message History

There is a stone staircase leading up here.
Found a stone staircase leading down.
Found an escape hatch in the floor.
You hear the slow rusting of a distant drain.
m - a wand of warping (5)
An orc and an orc priest come into view.
The orc shouts!
The orc priest shouts!
Found a hand axe.
An iguana comes into view.
An orc comes into view. It is wielding a +0 hand axe.
Found a stone staircase leading down.
The iguana hisses angrily.
The orc shouts!
The orc priest mumbles some strange prayers to Beogh against you.
Beogh smites you! You block the orc's attack.
You barely miss the orc.
The orc priest calls down the wrath of Beogh upon you.
Beogh smites you! You block the orc's attack.
You completely miss the orc priest. You block the orc's attack.
An orc priest comes into view. It is wielding a +0 club.
The orc priest casts a cantrip, but nothing happens.
The orc priest shouts!
You hit the orc priest.
The orc priest is lightly wounded.
You block the orc priest's attack. The orc barely misses you.
The orc priest invokes the aid of Beogh against you.
Beogh smites you!
* * * LOW HITPOINT WARNING * * *
You sock the orc priest!
The orc priest is poisoned.
The orc priest is heavily wounded.
You block the orc's attack.
The orc priest hits you with a +0 war axe.
* * * LOW HITPOINT WARNING * * *
Okay, then.
You block the orc's attack.
The orc priest attacks as it pursues you!
You block the orc priest's attack. The orc hits you with a +0 mace.
* * * LOW HITPOINT WARNING * * *
The orc attacks as it pursues you! The orc hits you with a +0 mace.
You die...

#.# ##......# #.#
##.<.##### #.### ##.....##
# ##.#.######.......###
#######.......##...[.....##
...............+.........'.
######.....#.##.........##
#.##.## ###......)## #.##@#
# ##.....## #.##o##.#
##...## #...o.>.# ##+##
####l#### #o# #o# ... #)#
#.#


You could see an iguana, 2 orc priests and 2 orcs.

Vanquished Creatures
  Sigmund (D:2)
  A howler monkey (D:2)
  2 bombardier beetles (D:4)
  An orc priest (D:4)
  Robin (D:2)
  8 adders
  A dart slug (D:1)
  A ribbon worm (D:3)
  7 orcs (D:4)
  12 ball pythons
  6 bats
  8 endoplasms
  5 giant cockroaches
  7 goblins
  13 hobgoblins
  3 quokkas
  A frilled lizard (D:3)
  10 kobolds
  4 rats
92 creatures vanquished.

Vanquished Creatures (others)
  A bombardier beetle (D:4)
  A goblin (D:2)
2 creatures vanquished.

Grand Total: 94 creatures vanquished

Notes
Turn   | Place    | Note
-------+----------+-------------------------------------------
     0 | D:1      | Doorstop00 the Gargoyle Fighter began the quest for the
                  | Orb.
     0 | D:1      | Reached XP level 1. HP: 14/14 MP: 1/1
    88 | D:1      | Reached XP level 2. HP: 19/19 MP: 2/2
   303 | D:1      | Reached XP level 3. HP: 23/23 MP: 3/3
   646 | D:2      | Noticed Robin
   671 | D:2      | Killed Robin
   682 | D:2      | Reached XP level 4. HP: 26/29 MP: 4/4
  1163 | D:2      | Reached XP level 5. HP: 33/33 MP: 5/5
  1379 | D:2      | Noticed Sigmund
  1383 | D:2      | Killed Sigmund
  1384 | D:2      | Reached skill level 1 in Dodging
  1384 | D:2      | Reached XP level 6. HP: 38/38 MP: 6/6
  1644 | D:3      | Found a runed translucent door.
  1645 | D:3      | Noticed EvolutionX's ghost (amateur MfSh)
  2383 | D:4      | Found a staircase to the Ecumenical Temple.
  2443 | Temple   | Entered the Ecumenical Temple
  2590 | Temple   | Became a worshipper of the Shining One
  2882 | D:4      | Found a stormy altar of Qazlal.
  2915 | D:4      | Reached XP level 7. HP: 30/44 MP: 7/7
  3031 | D:4      | Reached skill level 5 in Maces & Flails
  3180 | D:4      | Reached skill level 5 in Shields
  3305 | D:4      | Found a hide-covered altar of Uskayaw.
  3358 | D:5      | Entered Level 5 of the Dungeon
  3451 | D:5      | Slain by an orc

Illustrated notes

Levels and vault maps discovered:
D:1:      erik_arrival_blinker_ship, layout_basic, minmay_worlds_worst_comb
D:2:      layout_basic, minmay_snake_closets, uniq_robin, uniq_sigmund
D:3:      layout_basic, gammafunk_ghost_grave, kennysheep_generic_room_9
D:4:      layout_rooms, lemuel_coloured_pillars_altar,
          mainiacjoe_overflow_24_doors, minmay_temple_entry_statues_pillars,
          kennysheep_generic_room_15
D:5:      layout_loops_corners, kennysheep_little_box,
          mainiacjoe_overflow_concentric_impassable, grunt_temple_overflow_open,
          portal_sewer_entry_c
Temple:   hellmonk_temple_beads

Skill      XL: |  1  2  3  4  5  6  7 |
---------------+----------------------+-----
Maces & Flails | 3 4 5 |  5.1
Shields        | 4 5 |  5.0
Fighting       | 4 |  4.4
Armour         | 4 |  4.4
Dodging        | 1 |  1.4

Action                     |  1- 3 |  4- 6 |  7- 9 || total
---------------------------+-------+-------+-------++-------
  Melee: Flail             |    94 |   223 |    28 ||   345
    Use: Scroll            |     5 |     1 |       ||     6
         Potion            |       |     1 |       ||     1
 Armour: Scale mail        |    67 |   111 |    14 ||   192
  Dodge: Dodged            |    42 |    76 |     5 ||   123
  Block: Buckler           |    33 |   109 |    17 ||   159
         Reflection        |       |       |     3 ||     3

Table legend: (Time is in decaauts)
 A = Elapsed time spent in this place.
 B = Non-inter-level travel time spent in this place.
 C = Inter-level travel time spent in this place.
 D = Time resting spent in this place.
 E = Time spent auto-exploring this place.
 F = Levels seen in this place.
 G = Mean time per level.
                   A        B        C        D        E       F      G
               +--------+--------+--------+--------+--------+-----+--------+
         Total |   3540 |   3298 |    242 |    291 |   1552 |   6 |  590.0 |
       Dungeon |   3349 |   3295 |     54 |    291 |   1552 |   5 |  669.8 |
        Temple |    190 |      2 |    188 |      0 |      0 |   1 |  190.0 |
               +--------+--------+--------+--------+--------+-----+--------+

Top non-repeatable levels by time:
     D:2: 942 daAuts
     D:3: 926 daAuts
     D:4: 751 daAuts
     D:1: 636 daAuts
  Temple: 190 daAuts
     D:5: 93 daAuts
